 Dungeon Crawl Stone Soup version 0.22-a0-402-ga933591 (webtiles) character file.

10955 Borgoz the Grappler (level 11, -2/97 HPs)
             Began as a Ghoul Gladiator on May 6, 2018.
             Slain by a black mamba (11 damage)
             ... on level 1 of the Lair of Beasts.
             The game lasted 00:17:36 (10013 turns).

Borgoz the Grappler (Ghoul Gladiator)              Turns: 10013, Time: 00:17:37

Health: -2/97      AC: 11    Str: 19    XL:     11   Next: 70%
Magic:  10/10      EV: 15    Int:  3    God:
Gold:   673        SH:  0    Dex: 13    Spells: 10/10 levels left

rFire    . . .     SeeInvis .     - Unarmed
rCold    + + .     Gourm    .   (no shield)
rNeg     + + +     Faith    .   p - +0 ring mail {rC+}
rPois    ∞         Spirit   .   b - +0 helmet
rElec    .         Reflect  .   (no cloak)
rCorr    .         Harm     .   (no gloves)
MR       .....                  q - +2 pair of boots
Stlth    ..........             (no amulet)
HPRegen  0.00/turn              v - +5 ring of slaying
MPRegen  0.12/turn              H - ring of loudness (curse)

@: rotting
A: rotting body, claws 1, carnivore, cold resistance 1, negative energy
resistance 3, inhibited regeneration, torment resistance, unbreathing
a: no special abilities


You were on level 1 of the Lair of Beasts.
You were not hungry.

You visited 3 branches of the dungeon, and saw 13 of its levels.

You collected 673 gold pieces.

Inventory:

Missiles
 c - 3 throwing nets (quivered)
Armour
 b - a +0 helmet (worn)
 p - a +0 ring mail of cold resistance (worn)
 q - a +2 pair of boots (worn)
Jewellery
 g - an uncursed ring of flight
 v - a +5 ring of slaying (left claw)
 H - a cursed ring of loudness (right claw)
Scrolls
 e - a scroll of magic mapping
 f - a scroll of enchant armour
 h - 5 scrolls of teleportation
 k - a scroll of fog
 m - 2 scrolls of remove curse
 o - a scroll of identify
 u - a scroll of silence
Potions
 a - 2 potions of berserk rage {unknown}
 i - 2 potions of lignification {unknown}
 j - 5 potions of curing
 l - a potion of cancellation
 n - a potion of magic
 r - a potion of haste {unknown}
 t - 2 potions of resistance
 x - 2 potions of flight
 B - a potion of heal wounds {unknown}
 D - a potion of might {unknown}
Comestibles
 d - 20 rations


   Skills:
 + Level 9.2 Fighting
 - Level 1.7 Throwing
 + Level 7.4 Armour
 + Level 8.0 Dodging
 * Level 12.7 Unarmed Combat


You had 10 spell levels left.
You didn't know any spells.

Dungeon Overview and Level Annotations

Branches:
Dungeon (10/15)            Temple (1/1) D:6            Lair (2/6) D:8
    Orc (0/2) D:9
  Swamp: Lair:2-4    Shoals: Lair:2-4     Snake: Lair:2-4    Spider: Lair:2-4

Altars:
Ashenzari
Cheibriados
Dithmenos
Elyvilon
Fedhas
Gozag
Hepliaklqana
Kikubaaqudgha
Makhleb
Nemelex Xobeh
Okawaru
Qazlal
Ru
Sif Muna
Trog
Uskayaw
Vehumet
Wu Jian
Xom
Yredelemnul
Zin
The Shining One

Shops:
D:5 (

Annotations:
D:10 Rhok's ghost, novice FeTm


Innate Abilities, Weirdness & Mutations

Your body is rotting away.
You thrive on raw meat.
You are immune to poison.
You have sharp fingernails.
You are carnivorous and can eat meat at any time.
Your flesh is cold resistant. (rC+)
You are immune to negative energy. (rN+++)
You do not regenerate when monsters are visible.
You are immune to unholy pain and torment.
You can survive without breathing.


Message History

The black mamba bites you but does no damage. x2
You scratch the komodo dragon.
The komodo dragon is lightly wounded.
The black mamba bites you but does no damage.
The komodo dragon bites you!
* * * LOW HITPOINT WARNING * * *
Unknown command.
You feel better. The ice encasing you melts away. The black mamba bites you!
* * * LOW HITPOINT WARNING * * *
The black mamba bites you.
* * * LOW HITPOINT WARNING * * *
The komodo dragon barely misses you.
Okay, then.
Sorry, you're not good enough to have a special ability.
Unknown command.
It was a potion of magic.
Magic courses through your body. The black mamba bites you!
You die...

..#................#.......#
.............##...###......##
....#.....>...#...##.#......##
...####..........######......##
...# #.#......^..## ##.(....#
..## ##...........#######.....#
..# ###..#.......#..#.# #.....#
.##
#P...#.....S#l#.(#####....## .#
##...###...##@###..#.###....##
.# #...###.#..#### #...##
#.....# .###..## ####..#
#....###.....P #....## ####
#P#....#.....# #...##
#####......... #...# #....#....
..### #......... ..# #...##....
.## ########..


You could see a komodo dragon and a black mamba.

Vanquished Creatures
  2 two-headed ogres
  A black mamba (Lair:1)
  2 spiny frogs
  2 rime drakes (Lair:1)
  A komodo dragon (Lair:1)
  A troll (D:9)
  6 slime creatures (D:9)
  A hippogriff (D:8)
  A vampire (D:9)
  A spriggan (D:7)
  Grum (D:9)
  A hungry ghost (D:9)
  A water moccasin (Lair:1)
  A porcupine (Lair:1)
  2 hell hounds (D:8)
  Duvessa (D:5)
  2 orc warriors (D:9)
  2 ice beasts
  A black bear (D:7)
  A sky beast (D:6)
  2 phantoms
  A necrophage (D:8)
  3 ogres
  5 wolves
  2 centaurs
  2 crocodiles (Lair:1)
  5 big kobolds (D:9)
  7 bullfrogs
  3 gnoll sergeants (D:9)
  A wyvern zombie (D:9)
  Dowan (D:5)
  2 scorpions
  10 killer bees
  2 water moccasin skeletons
  4 wights (D:10)
  4 howler monkeys
  A bullfrog zombie (D:7)
  2 crimson imps
  2 centaur zombies
  3 hounds
  11 orc priests
  A bullfrog skeleton (D:5)
  Jessica (D:3)
  4 iguanas
  7 orc wizards
  4 worker ants
  A worker ant zombie (D:6)
  A howler monkey skeleton (D:5)
  4 gnolls
  10 adders
  3 adder skeletons
  2 worms
  2 dart slugs
  2 leopard geckos
  38 orcs
  2 giant cockroaches
  5 goblins
  5 hobgoblins
  6 jackals
  5 quokkas
  2 ball pythons
  2 bats
  2 frilled lizards
  18 kobolds
  5 rats
236 creatures vanquished.

Notes
Turn   | Place    | Note
-------+----------+-------------------------------------------
     0 | D:1      | Borgoz the Ghoul Gladiator began the quest for the Orb.
     0 | D:1      | Reached XP level 1. HP: 17/17 MP: 0/0
   458 | D:1      | Reached XP level 2. HP: 23/25 MP: 1/1
   747 | D:2      | Reached XP level 3. HP: 23/30 MP: 2/2
   918 | D:2      | Noticed a hand axe
   918 | D:2      | Noticed a dagger
   919 | D:2      | Found a hide-covered altar of Uskayaw.
   995 | D:2      | Reached skill level 4 in Unarmed Combat
   999 | D:2      | Reached skill level 1 in Armour
  1213 | D:2      | Reached XP level 4. HP: 22/37 MP: 3/3
  1657 | D:3      | Noticed Jessica
  1666 | D:3      | Killed Jessica
  1798 | D:3      | Reached XP level 5. HP: 27/44 MP: 4/4
  2433 | D:4      | Reached skill level 5 in Unarmed Combat
  2438 | D:4      | Reached XP level 6. HP: 23/51 MP: 5/5
  2531 | D:4      | Noticed a phantom
  2544 | D:4      | Killed a phantom
  2812 | D:4      | Reached XP level 7. HP: 53/58 MP: 6/6
  2844 | D:4      | Reached skill level 6 in Unarmed Combat
  3082 | D:5      | Entered Level 5 of the Dungeon
  3421 | D:5      | Noticed Duvessa
  3421 | D:5      | Noticed Dowan
  3441 | D:5      | Killed Duvessa
  3441 | D:5      | Reached skill level 7 in Unarmed Combat
  3441 | D:5      | Reached XP level 8. HP: 39/67 MP: 7/7
  3450 | D:5      | Killed Dowan
  3698 | D:5      | Found Laer's Weapon Emporium.
  3707 | D:5      | Reached skill level 5 in Fighting
  3838 | D:6      | Found a shattered altar of Ashenzari.
  4067 | D:6      | Found an opulent altar of Gozag.
  4259 | D:6      | Found a staircase to the Ecumenical Temple.
  4497 | Temple   | Entered the Ecumenical Temple
  4863 | D:7      | Reached skill level 5 in Dodging
  4863 | D:7      | Reached skill level 8 in Unarmed Combat
  4980 | D:7      | Reached XP level 9. HP: 28/75 MP: 8/8
  5544 | D:8      | Reached skill level 9 in Unarmed Combat
  5652 | D:8      | Got a crude rapier
  5663 | D:8      | Found a staircase to the Lair.
  5669 | D:8      | Noticed a two-headed ogre
  5946 | D:9      | Reached skill level 5 in Armour
  6503 | D:8      | Reached skill level 10 in Unarmed Combat
  6513 | D:8      | Reached XP level 10. HP: 28/86 MP: 9/9
  6734 | D:8      | Killed a two-headed ogre
  7129 | D:8      | Found a faded altar of an unknown god.
  7129 | D:8      | Found an ornate altar of the Wu Jian Council.
  7135 | D:8      | Found a white marble altar of Elyvilon.
  7138 | D:8      | Found a faded altar of an unknown god.
  7140 | D:8      | Found a blossoming altar of Fedhas.
  7251 | D:8      | Found a sparkling altar of Nemelex Xobeh.
  7668 | D:9      | Reached skill level 11 in Unarmed Combat
  7826 | D:9      | Noticed Grum
  7844 | D:9      | Killed Grum
  7942 | D:9      | Noticed a two-headed ogre
  7958 | D:9      | Killed a two-headed ogre
  7958 | D:9      | Reached XP level 11. HP: 87/95 MP: 10/10
  8132 | D:9      | Found a staircase to the Orcish Mines.
  8188 | D:9      | Reached skill level 12 in Unarmed Combat
  8243 | D:9      | Found a deep blue altar of Sif Muna.
  8349 | D:10     | Entered Level 10 of the Dungeon
  8493 | D:10     | Noticed Rhok's ghost (novice FeTm)
  8787 | Lair:1   | Entered Level 1 of the Lair of Beasts
  8817 | Lair:1   | Identified the +1 rapier of Salt {pierce, +Inv rF+++ rN+ Dex-4} (You found it on level 8 of the Dungeon)
 10013 | Lair:1   | Slain by a black mamba

Vault maps used:
D:1:      ncdulo_wetmaze, minmay_tromino_i2
D:2:      dancing_weapons_uskayaw, serial_forest, infiniplex_forest_straight_1,
          infiniplex_forest_clump_double, infiniplex_forest_zigzag_2,
          infiniplex_forest_clump_double, infiniplex_forest_straight_5,
          infiniplex_forest_lined_1, first_ration
D:3:      uniq_jessica
D:5:      serial_shops, shop_fountains, kennysheep_generic_room_14, uniq_duvessa
D:6:      kennysheep_little_box, temple_hall, minmay_misc_feat_alley,
          eino_tiny_chamber, cheibrodos_ashenzari_chains
D:7:      the_bakery
D:8:      nemelex_xobeh_ov_fountains_minmay,
          chequers_temple_overflow_minitemple, minmay_lair_entry_lava,
          minmay_misc_feat_enclosed
D:9:      kennysheep_orc_monster_closet_entryway, led_sif_book, uniq_grum
D:10:     david_defended_altar_orc
Temple:   eino_temple_rhombus
Lair:2:   grunt_megastairs_3, wad_woods_river_01, uniq_gastronok

Skill      XL: |  1  2  3  4  5  6  7  8  9 10 11 |
---------------+----------------------------------+-----
Dodging        | 3 4 5 6 7 8 |  8.0
Unarmed Combat | 4 5 7 8 10 11 12 | 12.7
Armour         | 1 2 3 4 5 6 7 |  7.4
Fighting       | 3 4 5 7 8 9 |  9.2
Throwing       | |  1.7

Action                   |  1- 3 |  4- 6 |  7- 9 | 10-12 || total
-------------------------+-------+-------+-------+-------++-------
Melee: Unarmed           |    77 |   103 |   336 |   306 ||   822
       Punch             |     2 |     5 |    13 |    25 ||    45
Evoke: Wand              |       |       |       |    12 ||    12
  Use: Scroll            |       |     8 |     1 |    12 ||    21
       Potion            |       |       |       |     2 ||     2
  Eat: Chunk             |     4 |    20 |    17 |    17 ||    58
       Ration            |       |       |     1 |       ||     1
Armor: Leather armour    |    16 |    22 |    61 |    42 ||   141
       Ring mail         |       |       |       |    42 ||    42
Dodge: Dodged            |    53 |    52 |   192 |   229 ||   526

Table legend:
 A = Spawn XP
 B = Non-spawn XP
 C = Spawn XP percentage of total XP
 D = Spawn monster count
 E = Non-spawn monster count
 F = Spawn count percentage of total count
 G = Total turns spent on level
                    A         B        C        D         E        F      G
               +---------+---------+-------+---------+---------+-------+---------
         Total |       0 |   15651 |   0.0 |       0 |     236 |   0.0 | 10013
               +---------+---------+-------+---------+---------+-------+---------
           D:1 |       0 |      10 |   0.0 |       0 |       6 |   0.0 |   656
           D:2 |       0 |      79 |   0.0 |       0 |      25 |   0.0 |   939
           D:3 |       0 |     103 |   0.0 |       0 |      12 |   0.0 |   582
           D:4 |       0 |     594 |   0.0 |       0 |      20 |   0.0 |   905
           D:5 |       0 |     681 |   0.0 |       0 |      18 |   0.0 |   710
           D:6 |       0 |     348 |   0.0 |       0 |      11 |   0.0 |   938
           D:7 |       0 |     945 |   0.0 |       0 |      18 |   0.0 |   657
           D:8 |       0 |    2882 |   0.0 |       0 |      31 |   0.0 |  1260
           D:9 |       0 |    5657 |   0.0 |       0 |      71 |   0.0 |  1855
          D:10 |       0 |    1041 |   0.0 |       0 |      10 |   0.0 |   160
        Lair:1 |       0 |    2908 |   0.0 |       0 |      13 |   0.0 |  1211
        Lair:2 |       0 |     403 |   0.0 |       0 |       1 |   0.0 |    15
               +---------+---------+-------+---------+---------+-------+---------
